TOP OF THE 1ST |
Atlanta (MID) Braves batting - Pitching for Peoria Chiefs : RHP Steve Barnett
|
Pitching: RHP Steve Barnett
|
|
Batting: LHB Kevin Kantor
|
0-0: Ball 1-0: Foul Ball, location: 2F 1-1: SINGLE (Flyball, 3D, EV 92.5 MPH)
|
Batting: SHB Brandon McClain
|
0-0: Ball Kevin Kantor steals 2nd base 1-0: Ball 2-0: Ground out 5-3 (Groundball, 56, EV 100.6 MPH)
|
Batting: RHB Xavier Davis
|
0-0: Foul Ball, location: 2F 0-1: Foul Ball, location: 2F 0-2: Ball 1-2: Reached via error on a dropped throw from 3B, E3 (Groundball, 56S, EV 83.1 MPH) Kevin Kantor to third
|
Batting: LHB Travis Lazaro
|
0-0: Ball Xavier Davis steals 2nd base 1-0: Ball 2-0: Ball 3-0: Called Strike 3-1: Base on Balls
|
Batting: RHB Corey Dalton
|
0-0: Ball 1-0: SINGLE (Line Drive, 56D, EV 104.4 MPH) Kevin Kantor scores Xavier Davis to third Travis Lazaro to second
|
Batting: LHB Mark Thomas
|
0-0: Ball 1-0: Swinging Strike 1-1: Swinging Strike 1-2: Strikes out swinging
|
Batting: LHB Tommy Williams
|
0-0: Called Strike 0-1: DOUBLE (Flyball, 78D, EV 101.9 MPH) Xavier Davis scores Travis Lazaro scores Corey Dalton to third Runner from 3rd tries for Home, SAFE, throw by LF to trailing runner, SAFE at third!
|
Batting: RHB Andy Cunningham
|
0-0: Ball 1-0: Ball 2-0: Foul Ball, location: 2F 2-1: Fly out, F8 (Flyball, 8LD, EV 91.3 MPH)
|
Top of the 1st over - 4 runs, 3 hits, 1 error, 1 left on base; Atlanta (MID) 4 - Peoria 0 |
BOTTOM OF THE 1ST |
Peoria Chiefs batting - Pitching for Atlanta (MID) Braves : RHP Andy Kiefer
|
Pitching: RHP Andy Kiefer
|
|
Batting: SHB Bobby O'Leary
|
0-0: SINGLE (Groundball, 56D, EV 98.1 MPH)
|
Batting: RHB Terry Baginski
|
0-0: Called Strike Bobby O'Leary steals 2nd base 0-1: Foul Ball, location: 2F 0-2: Ball 1-2: Ball 2-2: Ball 3-2: Strikes out swinging
|
Batting: LHB Jayden Thomas
|
0-0: Swinging Strike 0-1: Ball 1-1: SINGLE (Flyball, 34D, EV 85.0 MPH) Bobby O'Leary to third
|
Batting: RHB Travis Leonard
|
0-0: Ball 1-0: Called Strike 1-1: Swinging Strike 1-2: Strikes out swinging
|
Batting: LHB Ken Compton
|
0-0: Called Strike 0-1: Ball 1-1: Foul Ball, location: 2F 1-2: Ball 2-2: Ground out U3 (Groundball, 3L, EV 103.1 MPH)
|
Bottom of the 1st over - 0 runs, 2 hits, 0 errors, 2 left on base; Atlanta (MID) 4 - Peoria 0 |
TOP OF THE 2ND |
Atlanta (MID) Braves batting - Pitching for Peoria Chiefs : RHP Steve Barnett
|
Batting: RHB Nick Platt
|
0-0: Called Strike 0-1: Called Strike 0-2: Foul Ball, location: 2F 0-2: Ground out 4-3 (Groundball, 4, EV 78.1 MPH)
|
Batting: LHB Kevin Kantor
|
0-0: Ball 1-0: Ball 2-0: Fly out, F8 (Flyball, 8RXD, EV 96.3 MPH)
|
Batting: SHB Brandon McClain
|
0-0: Ground out U3 (Groundball, 3, EV 80.0 MPH)
|
Top of the 2nd over - 0 runs, 0 hits, 0 errors, 0 left on base; Atlanta (MID) 4 - Peoria 0 |
BOTTOM OF THE 2ND |
Peoria Chiefs batting - Pitching for Atlanta (MID) Braves : RHP Andy Kiefer
|
Batting: RHB Chris Simmons
|
0-0: Ground out 6-3 (Groundball, P, EV 78.1 MPH)
|
Batting: RHB Justin Reich
|
0-0: Ball 1-0: Ground out 4-3 (Groundball, 34, EV 86.9 MPH)
|
Batting: RHB Josh Martin
|
0-0: Called Strike 0-1: Foul Ball, location: 2F 0-2: Foul Ball, location: 2F 0-2: Ball 1-2: Strikes out swinging
|
Bottom of the 2nd over - 0 runs, 0 hits, 0 errors, 0 left on base; Atlanta (MID) 4 - Peoria 0 |
TOP OF THE 3RD |
Atlanta (MID) Braves batting - Pitching for Peoria Chiefs : RHP Steve Barnett
|
Batting: RHB Xavier Davis
|
0-0: Foul Ball, location: 2F 0-1: Ball 1-1: Called Strike 1-2: Foul Ball, location: 2F 1-2: Ball 2-2: DOUBLE (Line Drive, 9LD, EV 103.8 MPH)
|
Batting: LHB Travis Lazaro
|
0-0: Ball 1-0: Ball 2-0: Ball 3-0: Called Strike 3-1: SINGLE (Groundball, 6MD, EV 96.3 MPH) Xavier Davis to third Runner from 3rd tries for Home, SAFE, throw by CF to home
|
Batting: RHB Corey Dalton
|
0-0: Ball 1-0: Foul Ball, location: 2F 1-1: Called Strike 1-2: SINGLE (Line Drive, 56D, EV 104.4 MPH) Travis Lazaro to second
|
Batting: LHB Mark Thomas
|
0-0: Hit by Pitch Travis Lazaro to third Corey Dalton to second
|
Batting: LHB Tommy Williams
|
0-0: Called Strike 0-1: SINGLE (Groundball, 4D, EV 103.1 MPH) Travis Lazaro scores Corey Dalton to third Mark Thomas to second
|
Batting: RHB Andy Cunningham
|
0-0: Ball 1-0: Called Strike 1-1: Foul Ball, location: 2F 1-2: Strikes out swinging
|
Batting: RHB Nick Platt
|
0-0: Ball 1-0: Grounds into double play, 5-4-3 (Groundball, 56S, EV 75.6 MPH)
|
Top of the 3rd over - 2 runs, 4 hits, 0 errors, 2 left on base; Atlanta (MID) 6 - Peoria 0 |
BOTTOM OF THE 3RD |
Peoria Chiefs batting - Pitching for Atlanta (MID) Braves : RHP Andy Kiefer
|
Batting: RHB Francisco Vargas
|
0-0: Swinging Strike 0-1: Ball 1-1: Foul Ball, location: 2F 1-2: Fly out, F7 (Flyball, 7S, EV 88.8 MPH)
|
Batting: SHB Bobby O'Leary
|
0-0: Ball 1-0: Fly out, F5 (Popup, 5SF, EV 90.6 MPH)
|
Batting: RHB Terry Baginski
|
0-0: Called Strike 0-1: Called Strike 0-2: Ball 1-2: Ball 2-2: Strikes out swinging
|
Bottom of the 3rd over - 0 runs, 0 hits, 0 errors, 0 left on base; Atlanta (MID) 6 - Peoria 0 |
TOP OF THE 4TH |
Atlanta (MID) Braves batting - Pitching for Peoria Chiefs : RHP Steve Barnett
|
Batting: LHB Kevin Kantor
|
0-0: Called Strike 0-1: Fly out, F9 (Line Drive, 9, EV 97.5 MPH)
|
Batting: SHB Brandon McClain
|
0-0: Foul Ball, location: 2F 0-1: Foul Ball, location: 2F 0-2: DOUBLE (Line Drive, 89D, EV 106.3 MPH)
|
Batting: RHB Xavier Davis
|
0-0: Called Strike 0-1: Called Strike 0-2: Ball 1-2: Ball 2-2: Strikes out looking
|
Batting: LHB Travis Lazaro
|
0-0: Called Strike 0-1: Ball 1-1: Foul Ball, location: 2F 1-2: Ball 2-2: Ball 3-2: SINGLE (Groundball, 56S, EV 62.5 MPH) (infield hit) Brandon McClain to third
|
Batting: RHB Corey Dalton
|
0-0: Ball 1-0: SINGLE (Line Drive, 56, EV 95.0 MPH) Brandon McClain scores Travis Lazaro to second
|
Pitching: RHP John Larimore
|
|
Batting: LHB Mark Thomas
|
0-0: Ball 1-0: Foul Ball, location: 2F 1-1: Swinging Strike 1-2: Strikes out swinging
|
Top of the 4th over - 1 run, 3 hits, 0 errors, 2 left on base; Atlanta (MID) 7 - Peoria 0 |
BOTTOM OF THE 4TH |
Peoria Chiefs batting - Pitching for Atlanta (MID) Braves : RHP Andy Kiefer
|
Batting: LHB Jayden Thomas
|
0-0: Ball 1-0: Swinging Strike 1-1: SINGLE (Line Drive, 4MD, EV 96.9 MPH)
|
Batting: RHB Travis Leonard
|
0-0: Ball 1-0: Ball 2-0: Called Strike 2-1: Ball 3-1: Fly out, F8 (Flyball, 8RM, EV 88.1 MPH)
|
Batting: LHB Ken Compton
|
0-0: Ball 1-0: Ball 2-0: Fly out, F8 (Flyball, 8RD, EV 103.8 MPH)
|
Batting: RHB Chris Simmons
|
0-0: Called Strike 0-1: Ball 1-1: Called Strike 1-2: Ball 2-2: Ball 3-2: Ground out 6-3 (Groundball, 6, EV 85.6 MPH)
|
Bottom of the 4th over - 0 runs, 1 hit, 0 errors, 1 left on base; Atlanta (MID) 7 - Peoria 0 |
TOP OF THE 5TH |
Atlanta (MID) Braves batting - Pitching for Peoria Chiefs : RHP John Larimore
|
Batting: LHB Tommy Williams
|
0-0: Ball 1-0: Called Strike 1-1: Foul Ball, location: 2F 1-2: Fly out, F6 (Popup, 6MD, EV 50.6 MPH)
|
Batting: RHB Andy Cunningham
|
0-0: Foul Ball, location: 2F 0-1: Swinging Strike 0-2: Ball 1-2: Ball 2-2: Strikes out swinging
|
Batting: RHB Nick Platt
|
0-0: Ball 1-0: Foul Ball, location: 2F 1-1: Foul Ball, location: 2F 1-2: Foul Ball, location: 2F 1-2: Ball 2-2: SOLO HOME RUN (Flyball, 89XD, EV 100.6 MPH), Distance : 395 ft
|
Batting: LHB Kevin Kantor
|
0-0: Swinging Strike 0-1: Ball 1-1: Ball 2-1: Foul Ball, location: 2F 2-2: SOLO HOME RUN (Line Drive, 78XD, EV 99.4 MPH), Distance : 406 ft
|
Batting: SHB Brandon McClain
|
0-0: Ball 1-0: Ground out 4-3 (Groundball, 34D, EV 86.9 MPH)
|
Top of the 5th over - 2 runs, 2 hits, 0 errors, 0 left on base; Atlanta (MID) 9 - Peoria 0 |
BOTTOM OF THE 5TH |
Peoria Chiefs batting - Pitching for Atlanta (MID) Braves : RHP Andy Kiefer
|
Batting: RHB Justin Reich
|
0-0: Swinging Strike 0-1: SINGLE (Line Drive, 3D, EV 99.4 MPH)
|
Batting: RHB Josh Martin
|
0-0: Called Strike 0-1: Ball 1-1: Ball 2-1: Swinging Strike 2-2: Fly out, F8 (Flyball, 89D, EV 102.5 MPH)
|
Batting: RHB Francisco Vargas
|
0-0: SINGLE (Groundball, 56S, EV 68.8 MPH) (infield hit) Justin Reich to second
|
Batting: SHB Bobby O'Leary
|
0-0: Foul Ball, location: 2F 0-1: Foul Ball, location: 2F 0-2: Ground out 6-3 (Groundball, P, EV 85.6 MPH) Justin Reich to third Francisco Vargas to second
|
Batting: RHB Terry Baginski
|
0-0: Called Strike 0-1: Called Strike 0-2: Ball 1-2: Foul Ball, location: 2F 1-2: Fly out, F8 (Flyball, 8LD, EV 87.5 MPH)
|
Bottom of the 5th over - 0 runs, 2 hits, 0 errors, 2 left on base; Atlanta (MID) 9 - Peoria 0 |
TOP OF THE 6TH |
Atlanta (MID) Braves batting - Pitching for Peoria Chiefs : RHP John Larimore
|
Batting: RHB Xavier Davis
|
0-0: Ball 1-0: Ball 2-0: Called Strike 2-1: SINGLE (Flyball, 78S, EV 85.6 MPH)
|
Pitching: LHP Kai Klindt
|
|
Batting: LHB Travis Lazaro
|
0-0: Foul Ball, location: 2F 0-1: Called Strike 0-2: Ball Xavier Davis steals 2nd base 1-2: Ball 2-2: Ball 3-2: Base on Balls
|
Batting: RHB Corey Dalton
|
0-0: Swinging Strike 0-1: Grounds into double play, 6-4-3 (Groundball, 6, EV 85.0 MPH) Xavier Davis to third
|
Batting: LHB Mark Thomas
|
0-0: Called Strike 0-1: Foul Ball, location: 2F 0-2: Ball 1-2: Foul Ball, location: 2F 1-2: Ball 2-2: Strikes out swinging
|
Top of the 6th over - 0 runs, 1 hit, 0 errors, 1 left on base; Atlanta (MID) 9 - Peoria 0 |
BOTTOM OF THE 6TH |
Peoria Chiefs batting - Pitching for Atlanta (MID) Braves : RHP Andy Kiefer
|
Batting: LHB Jayden Thomas
|
0-0: Foul Ball, location: 2F 0-1: Ball 1-1: Foul Ball, location: 2F 1-2: Ground out 5-3 (Groundball, 56S, EV 87.5 MPH)
|
Batting: RHB Travis Leonard
|
0-0: Foul Ball, location: 2F 0-1: Ball 1-1: Foul Ball, location: 2F 1-2: Foul Ball, location: 2F 1-2: Strikes out swinging
|
Batting: LHB Ken Compton
|
0-0: Ball 1-0: Called Strike 1-1: Ball 2-1: Ground out 5-3 (Groundball, 5, EV 84.4 MPH)
|
Bottom of the 6th over - 0 runs, 0 hits, 0 errors, 0 left on base; Atlanta (MID) 9 - Peoria 0 |
TOP OF THE 7TH |
Atlanta (MID) Braves batting - Pitching for Peoria Chiefs : LHP Kai Klindt
|
Pinch Hitting: SHB Richello Badua
|
0-0: Ball 1-0: Called Strike 1-1: Called Strike 1-2: Ball 2-2: Strikes out swinging
|
Batting: RHB Andy Cunningham
|
0-0: Called Strike 0-1: Ball 1-1: Called Strike 1-2: Ball 2-2: Foul Ball, location: 2F 2-2: Ball 3-2: Fly out, F2 (Popup, 15S, EV 82.5 MPH)
|
Pitching: RHP Bryan Vandenburgh
|
|
Batting: RHB Nick Platt
|
0-0: Ball 1-0: Ball 2-0: Called Strike 2-1: Swinging Strike 2-2: Foul Ball, location: 2F 2-2: Ball 3-2: Foul Ball, location: 2F 3-2: Base on Balls
|
Batting: LHB Kevin Kantor
|
0-0: Called Strike 0-1: Foul Ball, location: 2F 0-2: Strikes out swinging
|
Top of the 7th over - 0 runs, 0 hits, 0 errors, 1 left on base; Atlanta (MID) 9 - Peoria 0 |
BOTTOM OF THE 7TH |
Peoria Chiefs batting - Pitching for Atlanta (MID) Braves : RHP Andy Kiefer
|
Now at 1B: Travis Lazaro
|
|
Now at 2B: Kevin Kantor
|
|
Now at 3B: Xavier Davis
|
|
Now in LF: Mark Thomas
|
|
Now in CF: Andy Cunningham
|
|
Now in RF: Richello Badua
|
|
Batting: RHB Chris Simmons
|
0-0: Ball 1-0: Ball 2-0: Ball 3-0: Called Strike 3-1: Foul Ball, location: 2F 3-2: Foul Ball, location: 2F 3-2: Foul Ball, location: 2F 3-2: Foul Ball, location: 2F 3-2: Strikes out swinging
|
Batting: RHB Justin Reich
|
0-0: Ball 1-0: Foul Ball, location: 2F 1-1: Called Strike 1-2: Foul Ball, location: 2F 1-2: Ball 2-2: Foul Ball, location: 2F 2-2: Ball 3-2: Fly out, F3 (Popup, 34, EV 68.8 MPH)
|
Batting: RHB Josh Martin
|
0-0: Ball 1-0: Called Strike 1-1: Foul Ball, location: 2F 1-2: Foul Ball, location: 2F 1-2: Ball 2-2: Foul Ball, location: 2F 2-2: Foul Ball, location: 2F 2-2: Strikes out swinging
|
Bottom of the 7th over - 0 runs, 0 hits, 0 errors, 0 left on base; Atlanta (MID) 9 - Peoria 0 |
TOP OF THE 8TH |
Atlanta (MID) Braves batting - Pitching for Peoria Chiefs : RHP Bryan Vandenburgh
|
Batting: SHB Brandon McClain
|
0-0: SINGLE (Groundball, 4, EV 95.0 MPH)
|
Batting: RHB Xavier Davis
|
0-0: Ball 1-0: SINGLE (Line Drive, 9S, EV 85.6 MPH) Brandon McClain to second
|
Batting: LHB Travis Lazaro
|
0-0: Called Strike 0-1: Foul Ball, location: 2F 0-2: Ball 1-2: Fielders Choice at 2nd, 5-4 (Groundball, 56, EV 103.1 MPH) Brandon McClain to third
|
Pitching: LHP Luis Herrera
|
|
Batting: RHB Corey Dalton
|
0-0: Called Strike 0-1: SINGLE (Groundball, 4MD, EV 104.4 MPH) Brandon McClain scores Travis Lazaro to second
|
Batting: LHB Mark Thomas
|
0-0: Called Strike 0-1: Called Strike 0-2: Strikes out looking
|
Batting: SHB Richello Badua
|
0-0: Called Strike 0-1: Foul Ball, location: 2F 0-2: Ball 1-2: Ball 2-2: Foul Ball, location: 2F 2-2: Ball 3-2: Ground out 4-3 (Groundball, 4, EV 81.3 MPH)
|
Top of the 8th over - 1 run, 3 hits, 0 errors, 2 left on base; Atlanta (MID) 10 - Peoria 0 |
BOTTOM OF THE 8TH |
Peoria Chiefs batting - Pitching for Atlanta (MID) Braves : RHP Andy Kiefer
|
Pitching: RHP Tom Lessor
|
|
Batting: RHB Francisco Vargas
|
0-0: Ball 1-0: Ball 2-0: Ball 3-0: Swinging Strike 3-1: SINGLE (Groundball, 4MD, EV 110.6 MPH)
|
Batting: SHB Bobby O'Leary
|
0-0: Called Strike 0-1: Ball 1-1: Called Strike 1-2: Ball 2-2: TRIPLE (Flyball, 9LD, EV 90.6 MPH) Francisco Vargas scores
|
Batting: RHB Terry Baginski
|
0-0: Called Strike 0-1: Foul Ball, location: 2F 0-2: Ball 1-2: Ground out 1-3 (Groundball, 13, EV 66.3 MPH)
|
Batting: LHB Jayden Thomas
|
0-0: Foul Ball, location: 2F 0-1: Foul Ball, location: 2F 0-2: Ball 1-2: Foul Ball, location: 2F 1-2: Foul Ball, location: 2F 1-2: Ball 2-2: Fly out, F9 (Line Drive, 9S, EV 103.8 MPH)
|
Batting: RHB Travis Leonard
|
0-0: Ball 1-0: Ball 2-0: Swinging Strike 2-1: Called Strike 2-2: Foul Ball, location: 2F 2-2: Ball 3-2: Ground out 6-3 (Groundball, 6, EV 88.8 MPH)
|
Bottom of the 8th over - 1 run, 2 hits, 0 errors, 1 left on base; Atlanta (MID) 10 - Peoria 1 |
TOP OF THE 9TH |
Atlanta (MID) Braves batting - Pitching for Peoria Chiefs : LHP Luis Herrera
|
Batting: RHB Andy Cunningham
|
0-0: Called Strike 0-1: Called Strike 0-2: Ball 1-2: Foul Ball, location: 2F 1-2: Strikes out looking
|
Batting: RHB Nick Platt
|
0-0: Ball 1-0: Ball 2-0: Called Strike 2-1: Foul Ball, location: 2F 2-2: Strikes out swinging
|
Pitching: LHP Nick Suggett
|
|
Batting: LHB Kevin Kantor
|
0-0: Ball 1-0: Foul Ball, location: 2F 1-1: Ball 2-1: SINGLE (Groundball, 5L, EV 108.8 MPH) (infield hit)
|
Batting: SHB Brandon McClain
|
0-0: Ball 1-0: Called Strike 1-1: Ball 2-1: Ball 3-1: Swinging Strike 3-2: Foul Ball, location: 2F 3-2: Foul Ball, location: 2F 3-2: Reached on error, E3 (Groundball, 34, EV 83.8 MPH) Kevin Kantor to second
|
Batting: RHB Xavier Davis
|
0-0: Swinging Strike 0-1: Called Strike 0-2: Foul Ball, location: 2F 0-2: Ball 1-2: Foul Ball, location: 2F 1-2: Ball 2-2: Strikes out looking
|
Top of the 9th over - 0 runs, 1 hit, 1 error, 2 left on base; Atlanta (MID) 10 - Peoria 1 |
BOTTOM OF THE 9TH |
Peoria Chiefs batting - Pitching for Atlanta (MID) Braves : RHP Tom Lessor
|
Batting: LHB Ken Compton
|
0-0: Ball 1-0: Called Strike 1-1: Ball 2-1: Fly out, F8 (Flyball, 8RD, EV 105.0 MPH)
|
Pitching: RHP Craig Goguen
|
|
Batting: RHB Chris Simmons
|
0-0: Ball 1-0: Called Strike 1-1: Foul Ball, location: 2F 1-2: SINGLE (Groundball, 5S, EV 73.1 MPH) (infield hit)
|
Batting: RHB Justin Reich
|
0-0: Ball 1-0: Foul Ball, location: 2F 1-1: Fielders Choice at 2nd, 5-4 (Groundball, 5D, EV 89.4 MPH)
|
Batting: RHB Josh Martin
|
0-0: Foul Ball, location: 2F 0-1: Foul Ball, location: 2F 0-2: Ground out 5-3 (Groundball, 56S, EV 78.8 MPH)
|
Bottom of the 9th over - 0 runs, 1 hit, 0 errors, 1 left on base; Atlanta (MID) 10 - Peoria 1 |
|